 Dungeon Sprint DCSS version 0.19-a0-1932-g59670f6 (webtiles) character file.

130 poirepourri the Cruncher (level 4, -12/41 HPs)
             Began as a Minotaur Gladiator on Oct 25, 2016.
             Killed from afar by a deep elf mage (27 damage)
             ... with an orb of energy
             ... in the Dungeon (Sprint III: "The Ten Rune Challenge").
             The game lasted 00:01:05 (557 turns).

poirepourri the Cruncher (Minotaur Gladiator)        Turns: 557, Time: 00:01:06

Health: -12/41     AC:  3    Str: 19    XL:     4   Next: 90%
Magic:  3/3        EV: 15    Int:  5    God:
Gold:   31         SH:  0    Dex: 12    Spells: 0 memorised, 3 levels left

rFire  . . .     SeeInvis .     a - +0 quarterstaff
rCold  . . .     Gourm    .     b - +0 leather armour
rNeg   . . .     Faith    .     (shield currently unavailable)
rPois  .         Spirit   .     c - +0 hat
rElec  .         Reflect  .     (no cloak)
rCorr  .         Harm     .     (no gloves)
MR     .....     NoTele   +     (no boots)
Stlth  +.........               (no amulet)
                                (no ring)
                                (no ring)

@: no status effects
A: retaliatory headbutt, horns 2
a: no special abilities


You were in the Dungeon.
You were not hungry.

You visited 1 branch You collected 31 gold pieces.

Inventory:

Hand Weapons
 a - a +0 quarterstaff (weapon)
Missiles
 d - 2 throwing nets (quivered)
Armour
 b - a +0 leather armour (worn)
 c - a +0 hat (worn)
Scrolls
 k - 2 scrolls of blinking
 o - a scroll of remove curse {unknown}
 r - a scroll of holy word {unknown}
 s - a scroll of amnesia {unknown}
Potions
 e - 3 potions of curing
 g - a potion of heal wounds
 h - a potion of haste
 i - 2 potions of magic
 j - a potion of berserk rage
 l - 3 potions of mutation
 q - a potion of flight
 u - 2 potions of cure mutation
Books
 m - a book of Cantrips

   Spells                             Type                      Level
   a - Confusing Touch                Hexes                        1
   b - Animate Skeleton               Necromancy                   1
   c - Summon Small Mammal            Summoning                    1
   d - Apportation                    Translocation                1
Comestibles
 f - 2 bread rations
 p - a meat ration
 t - a royal jelly


   Skills:
 + Level 4.6 Fighting
 + Level 8.4 Staves
 + Level 3.6 Throwing
 + Level 2.2 Armour
 + Level 6.8 Dodging


You had 3 spell levels left.
You didn't know any spells.

Dungeon Overview and Level Annotations

Branches:
Dungeon (1/1)

Altars:
Elyvilon
Kikubaaqudgha
Sif Muna
Vehumet
Zin
The Shining One


Innate Abilities, Weirdness & Mutations

You reflexively headbutt those who attack you in melee.
You have a pair of horns on your head.


Message History

You throw a throwing net.
The throwing net hits the deep elf mage.
The deep elf mage is caught in the net!
The deep elf mage struggles against the net.
The deep elf mage casts a spell.
The deep elf mage conjures a globe of magical energy!
The deep elf mage struggles against the net.
A battlesphere comes into view.
You hit the deep elf mage.
The deep elf mage is lightly wounded.
You catch the helpless deep elf mage completely off-guard!
You hit the deep elf mage. You headbutt the deep elf mage.
The deep elf mage is heavily wounded.
The deep elf mage struggles against the net.
You barely miss the deep elf mage. You headbutt the deep elf mage!
The deep elf mage is almost dead.
The deep elf mage gestures at you while chanting.
The orb of energy hits you!
Ouch! That really hurt!
You die...

▓▓▓▓▓ ▓▓▓ #..†####
##.#####
#......#####..#*__#
#.......#..#..#e@.#
##.##...#..#..###'#+###+#
##.###..##'#..#..........
###.##..###...'.⌠........
#..##..####...#...######+
...##..###....#.⌠.#
†.##...##.....#...#
.##....#......#)###
###..##.#.....#.):#


You could see a deep elf mage (caught) and a battlesphere.

Vanquished Creatures
  A water elemental (D)
  A wizard (D)
  A kobold demonologist (D)
  A human (D)
  A phantom (D)
  4 rats (D)
9 creatures vanquished.

Vanquished Creatures (others)
  2 draconian scorchers (D)
  6 hellions (D)
  3 yaktaurs (D)
  3 plants (D)
14 creatures vanquished.

Grand Total: 23 creatures vanquished

Notes
Turn   | Place    | Note
-------+----------+-------------------------------------------
     0 | D        | poirepourri the Minotaur Gladiator began the quest for the Orb.
     0 | D        | Reached XP level 1. HP: 18/18 MP: 0/0
    11 | D        | Reached skill level 4 in Staves
    53 | D        | Reached skill level 5 in Staves
    53 | D        | Reached XP level 2. HP: 19/26 MP: 1/1
    76 | D        | Killed a hellion
    77 | D        | Killed a hellion
    77 | D        | Killed a hellion
   135 | D        | Killed a yaktaur
   152 | D        | Killed a yaktaur
   162 | D        | Killed a hellion
   200 | D        | Killed a white draconian scorcher
   230 | D        | Noticed a water elemental
   238 | D        | HP: 1/26 [drowned by a water elemental (5)]
   238 | D        | Killed a water elemental
   238 | D        | Reached skill level 7 in Staves
   238 | D        | Reached skill level 1 in Armour
   238 | D        | Reached XP level 3. HP: 2/33 MP: 2/2
   238 | D        | Reached XP level 4. HP: 3/40 MP: 3/3
   267 | D        | Killed a white draconian scorcher
   307 | D        | Killed a hellion
   392 | D        | Killed a yaktaur
   401 | D        | Killed a hellion
   527 | D        | Found a radiant altar of Vehumet.
   527 | D        | Found a deep blue altar of Sif Muna.
   527 | D        | Found an ancient bone altar of Kikubaaqudgha.
   527 | D        | Noticed a wizard
   530 | D        | Killed a wizard
   530 | D        | Reached skill level 8 in Staves
   532 | D        | Noticed a neqoxec
   535 | D        | Noticed a hellwing
   551 | D        | Found a glowing silver altar of Zin.
   551 | D        | Found a glowing golden altar of the Shining One.
   551 | D        | Found a white marble altar of Elyvilon.
   552 | D        | Noticed a deep elf mage
   557 | D        | Killed from afar by a deep elf mage

Vault maps used:
D:        dungeon_sprint_mu

Skill      XL: |  1  2  3  4 |
---------------+-------------+-----
Staves         | 5 7 8 |  8.4
Fighting       | 3 4 |  4.6
Dodging        | 4 6 |  6.8
Throwing       | 3 |  3.6
Armour         | 1 2 |  2.2

Action                   |  1- 3 |  4- 6 || total
-------------------------+-------+-------++-------
Melee: Quarterstaff      |    18 |     8 ||    26
       Headbutt          |     2 |     4 ||     6
Throw: Throwing net      |       |     3 ||     3
  Use: Scroll            |     3 |       ||     3
 Stab: Held in net/web   |       |     1 ||     1
Armor: Leather armour    |     2 |       ||     2
Dodge: Dodged            |    17 |     1 ||    18
